 Dungeon Crawl Stone Soup version 0.29-a0-817-g9904bce7a6 (webtiles) character file.

Game seed: 1655668716745460576

86 LynnLen the Sneak (level 4, 0/24 HPs)
             Began as a Vampire Enchanter on July 5, 2022.
             Slain by Crazy Yiuf
             ... wielding a +2 quarterstaff of chaos
              (13 damage)
             ... on level 2 of the Dungeon.
             The game lasted 00:07:45 (2712 turns).

LynnLen the Sneak (Vampire Enchanter)               Turns: 2712, Time: 00:07:45

Health: 0/24       AC:  2    Str:  7    XL:     4   Next: 26%
Magic:  2/7        EV: 12    Int: 17    God:
Gold:   45         SH:  0    Dex: 16    Spells: 0/7 levels left

rFire   . . .      SeeInvis +   a - +2 dagger
rCold   + + .      Faith    .   (no shield)
rNeg    + + +      Spirit   .   b - +0 robe
rPois   ∞          Reflect  .   (no helmet)
rElec   .          Harm     .   (no cloak)
rCorr   .          Rampage  .   (no gloves)
Will    .....                   (no boots)
Stlth   ++++++....              (no amulet)
HPRegen 0.00/turn               (no ring)
MPRegen 0.10/turn               (no ring)

@: bloodless, inhibited regen, invisible
A: bloodless, fangs 3, see invisible, vampiric 2
a: Bat Form, Revivify


You were on level 2 of the Dungeon.
You visited 1 branch of the dungeon, and saw 2 of its levels.

You collected 45 gold pieces.

Inventory:

Hand Weapons
 a - a +2 dagger (weapon)
Missiles
 i - a throwing net (quivered)
Armour
 b - a +0 robe (worn)
Scrolls
 f - a scroll of enchant armour {unknown}
 h - a scroll of amnesia {unknown}
 k - a scroll of poison {unknown}
Potions
 j - a potion of flight {unknown}


   Skills:
 + Level 1.7 Short Blades
 * Level 2.5 Dodging
 * Level 6.9 Stealth
 * Level 2.1 Spellcasting
 + Level 4.9 Hexes


You couldn't memorise any spells.
You knew the following spells:

 Your Spells              Type           Power      Damage    Failure   Level
a - Slow                  Hex            72%        N/A       2%          1
b - Confusing Touch       Hex            18%        N/A       8%          3
c - Tukima's Dance        Hex            18%        N/A       8%          3

Your spell library contained the following spells:

 Spells                   Type           Power      Damage    Failure   Level
 Ensorcelled Hibernation  Hex/Ice        20%        N/A       11%         2
 Dazzling Flash           Conj/Hex       20%        N/A       22%         3
 Vampiric Draining        Necr           1%         2d6       50%         3


Dungeon Overview and Level Annotations

Branches:
Dungeon (2/15)

Altars:

Annotations:
D:2 Crazy Yiuf


Innate Abilities, Weirdness & Mutations

You do not regenerate when monsters are visible.
You are frail without blood (-20% HP).
You can heal yourself when you bite living creatures.
You are immune to poison.
You have razor-sharp teeth.
You have supernaturally acute eyesight. (SInv)
You are afflicted with vampirism and can become a bat while bloodless.


Message History

The spell is quite dangerous to miscast (8% risk of failure)!
Continue anyway?
Aiming: Tukima's Dance (quite dangerous; 8% risk of failure)
Press: ? - help, Shift-Dir - straight line, f - Crazy Yiuf
Aim: Crazy Yiuf, wielding a +2 quarterstaff of chaos and wearing a +1 cloak (asleep, chance to affect: 60%) Crazy Yiuf shouts!
Crazy Yiuf resists with significant effort.
Crazy Yiuf says, "Ten!"
Casting: Tukima's Dance (quite dangerous; 8% risk of failure)
Confirm with . or Enter, or press ? or * to list all spells.
The spell is quite dangerous to miscast (8% risk of failure)!
Continue anyway?
Aiming: Tukima's Dance (quite dangerous; 8% risk of failure)
Press: ? - help, Shift-Dir - straight line, f/p - Crazy Yiuf
Aim: Crazy Yiuf, wielding a +2 quarterstaff of chaos and wearing a +1 cloak (chance to affect: 60%) Crazy Yiuf resists with significant effort.
You close the door.
Crazy Yiuf opens the door.
Casting: Tukima's Dance (quite dangerous; 8% risk of failure)
Confirm with . or Enter, or press ? or * to list all spells.
You don't have enough magic to cast this spell.
Hit: a) +2 dagger
Press: ? - help, Dir - move target, f - you, p - Crazy Yiuf
Okay, then.
Casting: Tukima's Dance (quite dangerous; 8% risk of failure)
Confirm with . or Enter, or press ? or * to list all spells.
You don't have enough magic to cast this spell.
Unknown command.
Okay, then.
You fade into invisibility!
You barely miss Crazy Yiuf. Your bite misses Crazy Yiuf.
Crazy Yiuf closely misses you.
There is an open translucent door here.
Crazy Yiuf closely misses you. Crazy Yiuf barely misses you.
You hit Crazy Yiuf but do no damage.
Crazy Yiuf yells, "Whippet mobile canine!"
Crazy Yiuf hits you with a +2 quarterstaff of chaos!
Crazy Yiuf burns you.
You barely miss Crazy Yiuf.
Crazy Yiuf hits you with a +2 quarterstaff of chaos!
Ouch! That really hurt!
You die...

#####
#)@.#
#.g.#
#...#
##'##
# ♣.♣♣
#.
♣♣.♣
#.#
♣.♣♣
#..
#####
♣♣.♣
##.
......
♣♣.♣♣
##


You could see Crazy Yiuf (unable to see you).

Vanquished Creatures
  3 gnolls (D:2)
  2 adders (D:2)
  2 dart slugs (D:1)
  4 endoplasms
  3 goblins
  5 hobgoblins (D:1)
  6 ball pythons
  2 bats (D:1)
  9 frilled lizards
  3 kobolds (D:1)
  3 rats
42 creatures vanquished.

Vanquished Creatures (others)
  A fungus (D:2)
1 creature vanquished.

Grand Total: 43 creatures vanquished

Notes
Turn   | Place    | Note
-------+----------+-------------------------------------------
     0 | D:1      | LynnLen the Vampire Enchanter began the quest for the Orb.
     0 | D:1      | Reached XP level 1. HP: 13/13 MP: 3/3
   666 | D:1      | Reached XP level 2. HP: 15/15 MP: 5/5
   683 | D:1      | Reached skill level 5 in Stealth
  1225 | D:1      | Found a faded altar of an unknown god.
  2292 | D:2      | Gained mutation: You are afflicted with vampirism and can
                  | become a bat while bloodless. [Vampire growth]
  2292 | D:2      | Reached XP level 3. HP: 10/19 MP: 6/6
  2472 | D:2      | Reached skill level 6 in Stealth
  2477 | D:2      | Reached XP level 4. HP: 24/24 MP: 7/7
  2546 | D:2      | Learned a level 1 spell: Slow
  2550 | D:2      | Learned a level 3 spell: Confusing Touch
  2558 | D:2      | Learned a level 3 spell: Tukima's Dance
  2697 | D:2      | Found a runed translucent door.
  2698 | D:2      | Noticed Crazy Yiuf
  2712 | D:2      | Slain by Crazy Yiuf

Illustrated notes

Levels and vault maps discovered:
D:1:      dpeg_arrival_ternary, layout_loops_corners,
          hellmonk_ecumenical_altar_inner_sanctum, minmay_unequal
D:2:      layout_rooms, basic_altar, minmay_lizard_pond,
          uniq_crazy_yiuf_cottage, uniq_natasha

Skill      XL: |  1  2  3 |
---------------+----------+-----
Stealth        | 5 6 |  6.9
Short Blades   | |  1.7
Dodging        | |  2.5
Spellcasting   | |  2.1
Hexes          | |  4.9

Action                   |  1- 3 |  4- 6 || total
-------------------------+-------+-------++-------
Melee: Dagger            |    83 |    35 ||   118
       Bite              |     6 |     3 ||     9
 Cast: Tukima's Dance    |       |     2 ||     2
 Abil: Exsanguinate      |     1 |       ||     1
  Use: Potion            |     1 |     1 ||     2
       Scroll            |     2 |       ||     2
 Stab: Sleeping          |    12 |     1 ||    13
       Invisible         |     1 |       ||     1
Armor: Robe              |     9 |     1 ||    10
Dodge: Dodged            |    35 |    32 ||    67

Table legend: (Time is in decaauts)
 A = Elapsed time spent in this place.
 B = Non-inter-level travel time spent in this place.
 C = Inter-level travel time spent in this place.
 D = Time resting spent in this place.
 E = Time spent auto-exploring this place.
 F = Levels seen in this place.
 G = Mean time per level.
                   A        B        C        D        E       F      G
               +--------+--------+--------+--------+--------+-----+--------+
         Total |   2703 |   2703 |      0 |   1165 |    878 |   2 | 1351.5 |
       Dungeon |   2703 |   2703 |      0 |   1165 |    878 |   2 | 1351.5 |
               +--------+--------+--------+--------+--------+-----+--------+

Top non-repeatable levels by time:
     D:1: 2259 daAuts
     D:2: 443 daAuts
